 Dungeon Crawl Stone Soup version 0.30.0-29-ga12c61a403 (webtiles) character file.

Game seed: 9152169508852335653

6451 Cheops the Covert (level 10, -3/73 HPs)
             Began as an Armataur Earth Elementalist on June 13, 2023.
             Was a Believer of Uskayaw.
             Succumbed to a hornet's poison
             ... while paralysed by a hornet
             ... on level 9 of the Dungeon on June 14, 2023.
             The game lasted 00:34:14 (11811 turns).

Cheops the Covert (Armataur Earth Elementalist)    Turns: 11811, Time: 00:34:14

Health: -3/73      AC:  8    Str: 18    XL:     10   Next: 67%
Magic:  0/23       EV:  1    Int: 19    God:    Uskayaw [**....]
Gold:   502        SH:  0    Dex: 10    Spells: 5/15 levels left

rFire   . . .        a - +7 dagger of Eye-covered Guile {drain, Str+3}
rCold   . . .        l - +0 buckler
rNeg    . . .        M - +0 steam dragon scales
rPois   .            t - +0 helmet
rElec   .            G - +0 cloak
rCorr   .            A - +0 pair of gloves
SInv    .            (no barding)
Will    .....        w - amulet of reflection
Stlth   +++++        E - ring of magical power
HPRegen 0.32/turn    d - +5 ring of evasion
MPRegen 0.18/turn

%: reflection, roll
@: paralysed, lethally poisoned (-3 -> -16), slowed
A: large, rugged brown scales 3, deformed body, armoured tail, roll, long
tongue, awkward tongue
a: Renounce Religion, Stomp, Line Pass


You were on level 9 of the Dungeon.
You worshipped Uskayaw.
Uskayaw was noncommittal.
You visited 2 branches of the dungeon, and saw 10 of its levels.

You collected 502 gold pieces.

Inventory:

Hand Weapons
 a - the +7 dagger of Eye-covered Guile (weapon) {drain, Str+3}
   (You found it on level 6 of the Dungeon)

   Str:       It affects your strength (+3).
 o - a +4 short sword
 r - the +3 trident of Kismet {freeze, Str+2 Stlth+}
   (You found it on level 2 of the Dungeon)

   Str:       It affects your strength (+2).
   Stlth:     It makes you more stealthy.
 L - a +3 dagger
 N - a +0 dagger of venom
 T - a +0 falchion of flaming
Missiles
 O - a throwing net
Armour
 e - a +0 robe
 l - a +0 buckler (worn)
 t - a +0 helmet (worn)
 A - a +0 pair of gloves (worn)
 D - a +1 leather armour of cold resistance
 G - a +0 cloak (worn)
 M - +0 steam dragon scales (worn)
 W - a +2 robe of cold resistance
Magical Staves
 c - a staff of fire
 H - a staff of death
Jewellery
 d - a +5 ring of evasion (right hand)
 v - an amulet of the acrobat
 w - an amulet of reflection (around neck)
 x - a ring of flight
 C - an amulet of magic regeneration
 E - a ring of magical power (left hand)
 K - a ring of ice
 Q - a ring of magical power
Wands
 n - a wand of polymorph (10)
 J - a wand of iceblast (8)
 X - a wand of light (11)
 Z - a wand of mindburst (4)
Scrolls
 f - 3 scrolls of noise {unknown}
 h - 2 scrolls of magic mapping {unknown}
 j - 4 scrolls of amnesia {unknown}
 m - 3 scrolls of enchant armour {unknown}
 p - a scroll of vulnerability {unknown}
 u - 4 scrolls of teleportation {unknown}
 y - a scroll of fog
 I - 2 scrolls of fear {unknown}
 P - a scroll of poison
 R - a scroll of torment
 S - 2 scrolls of blinking
 Y - a scroll of immolation {unknown}
Potions
 b - a potion of magic
 g - 3 potions of invisibility
 i - a potion of ambrosia
 k - a potion of cancellation
 q - 2 potions of lignification
 s - 2 potions of berserk rage
 z - 2 potions of heal wounds
 B - a potion of resistance
 F - a potion of curing
 U - a potion of flight {unknown}
 V - a potion of mutation


   Skills:
 - Level 3.0 Short Blades
 - Level 1.3 Dodging
 + Level 12.7 Stealth
 - Level 4.0 Shields
 - Level 3.0 Spellcasting
 - Level 5.0 Conjurations
 - Level 4.0 Transmutations
 - Level 6.0 Earth Magic
 * Level 4.5 Invocations
 - Level 3.0 Evocations


You had 5 spell levels left.
You knew the following spells:

 Your Spells              Type           Power      Damage    Failure   Level
a - Sandblast             Erth           50%        2d12      1%          1
b - Stone Arrow           Conj/Erth      46%        3d9       6%          3
p - Petrify               Tmut/Erth      21%        N/A       24%         4
P - Passwall              Tmut/Erth      17%        N/A       3%          2

Your spell library contained the following spells:

 Spells                   Type           Power      Damage    Failure   Level
 Freeze                   Ice            8%         1d3       19%         1
 Dazzling Flash           Conj/Hex       24%        N/A       21%         3
 Hailstorm                Conj/Ice       12%        3d5       21%         3
 Cigotuvi's Dreadful Rot  Necr/Pois/Air  4%         N/A       28%         2
 Frozen Ramparts          Ice            4%         1d1       50%         3
 Volatile Blastmotes      Fire/Tloc      4%         2d10      50%         3
 Iskenderun's Mystic Bla  Conj/Tloc      12%        2d5       56%         4
 Dispel Undead            Necr           2%         3d7       88%         4
 Death Channel            Necr           1%         N/A       100%        6
 Starburst                Conj/Fire      6%         6d4       100%        6


Dungeon Overview and Level Annotations

Branches:
Dungeon (9/15)             Temple (1/1) D:4
   Lair: D:8-11         Orc: D:9-12

Altars:
Ashenzari
Cheibriados
Dithmenos
Elyvilon
Fedhas
Gozag
Hepliaklqana
Kikubaaqudgha
Makhleb
Nemelex Xobeh
Okawaru
Qazlal
Ru
Sif Muna
Trog
Uskayaw
Vehumet
Wu Jian
Xom
Yredelemnul
Zin
The Shining One

Annotations:
D:8 Gastronok


Innate Abilities, Weirdness & Mutations

You are completely covered in rugged brown scales. (AC +3, +7% HP)
Armour fits poorly on your strangely shaped body.
You have a long armoured tail.
You roll when moving toward enemies. (Rampage)
Your long tongue fully drains potion bottles. (2x potion effects)
Your tongue gives you trouble enunciating. (1.5x scroll delay)


Message History

Press: ? - help, Shift-Dir - straight line, f/p - hornet
Aim: a hornet (heavily wounded, 74% to hit)
The blast of sand hits the hornet!
The hornet is almost dead.
You feel sick. You block the hornet's attack. The hornet stings you.
* * * LOW HITPOINT WARNING * * *
You feel yourself slow down.
You feel better.
You slurp down every last drop of the potion of curing!
The hornet closely misses you. You block the hornet's attack.
You closely miss the hornet.
Your tail-slap misses the hornet.
The hornet is almost dead.
You feel yourself speed up. You block the hornet's attack.
The hornet stings you.
You are poisoned.
You feel yourself slow down.
You closely miss the hornet.
The hornet is almost dead.
You feel very sick. The hornet completely misses you. The hornet stings you!
* * * LOW HITPOINT WARNING * * *
You feel as though you will be slow longer.
Casting: Sandblast (safe; 1% risk of failure)
Confirm with . or Enter, or press ? or * to list all spells.
Aiming: Sandblast (safe; 1% risk of failure)
Press: ? - help, Shift-Dir - straight line, f/p - hornet
Aim: a hornet (almost dead, 74% to hit)
The blast of sand hits the hornet but does no damage.
The hornet is almost dead.
You feel very sick. The hornet stings you!
* * * LOW HITPOINT WARNING * * *
You are more poisoned.
You suddenly lose the ability to move!
The hornet stings you!
* * * LOW HITPOINT WARNING * * *
You feel as though you will be slow longer.
The hornet stings you!
* * * LOW HITPOINT WARNING * * *
You feel as though you will be slow longer.
You die...

...............
###...........
#........... .
#...........
..###########...........
../.....................
......................>)
........................
.......@................
......†y................
....†..............#####
........)..........#
...................#####
........................
...)....################
........# .......
##########


You could see a hornet.

Vanquished Creatures
  An ogre mage (D:8)
  Pikel (D:6)
  A troll (D:9)
  Grinder (D:3)
  Prince Ribbit (D:9)
  A slime creature (D:8)
  A wyvern (D:8)
  5 yaks (D:9)
  A steam dragon (D:6)
  A basilisk (D:8)
  5 orc warriors
  4 ogres
  4 centaurs (D:8)
  4 lemures
  3 phantoms
  2 kobold brigands
  2 gnoll sergeants
  4 bullfrogs
  3 scorpions
  3 wights (D:7)
  3 howler monkeys (D:9)
  7 orc priests
  A hound (D:7)
  2 jellies
  2 gnoll boudas
  2 iguanas
  Terence (D:2)
  Natasha (thrice) (D:1)
  14 orc wizards
  Robin (D:2)
  20 gnolls
  6 adders
  3 white imps
  3 ufetubi
  A worm (D:5)
  2 dart slugs
  44 orcs
  6 ball pythons
  6 endoplasms
  4 giant cockroaches
  17 goblins
  8 hobgoblins
  A quokka (D:3)
  6 bats
  4 frilled lizards
  10 kobolds
  4 rats
229 creatures vanquished.

Vanquished Creatures (others)
  A goblin (D:2)
1 creature vanquished.

Grand Total: 230 creatures vanquished

Notes
Turn   | Place    | Note
-------+----------+-------------------------------------------
     0 | D:1      | Cheops the Armataur Earth Elementalist began the quest for
                  | the Orb.
     0 | D:1      | Reached XP level 1. HP: 14/14 MP: 3/3
   145 | D:1      | Reached XP level 2. HP: 17/21 MP: 0/5
   870 | D:2      | Noticed Robin
   871 | D:2      | Reached XP level 3. HP: 27/27 MP: 2/6
  1001 | D:2      | Noticed Natasha
  1005 | D:2      | Reached skill level 3 in Stealth
  1015 | D:1      | Killed Natasha
  1016 | D:1      | Reached XP level 4. HP: 12/35 MP: 0/7
  1276 | D:1      | Noticed Natasha
  1280 | D:1      | Killed Natasha
  1430 | D:1      | Noticed Natasha
  1438 | D:1      | Killed Natasha
  1611 | D:2      | Noticed Terence
  1613 | D:2      | Found a faded altar of an unknown god.
  1652 | D:2      | Killed Terence
  1653 | D:2      | Reached XP level 5. HP: 7/40 MP: 0/8
  1804 | D:2      | Killed Robin
  1805 | D:2      | Reached skill level 4 in Stealth
  2097 | D:2      | Found a sparkling altar of Nemelex Xobeh.
  2130 | D:2      | Identified the +3 trident of Kismet {freeze, Str+2 Stlth+}
  2471 | D:2      | Learned a level 2 spell: Passwall
  2475 | D:2      | Learned a level 3 spell: Stone Arrow
  2872 | D:3      | Noticed Grinder
  2876 | D:3      | Paralysed by Grinder for 2 turns
  2879 | D:3      | Killed Grinder
  2880 | D:3      | Reached skill level 6 in Stealth
  2880 | D:3      | Reached skill level 5 in Earth Magic
  2880 | D:3      | Reached XP level 6. HP: 48/48 MP: 4/9
  3367 | D:3      | Reached skill level 1 in Conjurations
  4314 | D:4      | Reached XP level 7. HP: 50/53 MP: 5/10
  4488 | D:4      | Found a staircase to the Ecumenical Temple.
  4933 | D:4      | Reached skill level 7 in Stealth
  4979 | D:4      | Learned a level 4 spell: Petrify
  5254 | D:5      | Entered Level 5 of the Dungeon
  5346 | Temple   | Entered the Ecumenical Temple
  5346 | Temple   | Found a transporter.
  5346 | Temple   | Found a transporter.
  5348 | Temple   | Found a transporter.
  5348 | Temple   | Found a transporter.
  5779 | D:5      | Reached skill level 1 in Shields
  6065 | D:5      | Reached XP level 8. HP: 60/60 MP: 11/11
  6074 | D:5      | Reached skill level 8 in Stealth
  6584 | D:6      | Noticed Pikel
  6757 | D:5      | Reached skill level 1 in Evocations
  6788 | D:5      | Reached skill level 1 in Short Blades
  6888 | D:6      | Identified the +7 dagger of Eye-covered Guile {drain,
                  | Str+3}
  7342 | D:6      | Killed Pikel
  7343 | D:6      | Reached skill level 9 in Stealth
  7343 | D:6      | Reached XP level 9. HP: 60/66 MP: 2/12
  7557 | D:6      | Found a hide-covered altar of Uskayaw.
  7566 | D:6      | Found a snail-covered altar of Cheibriados.
  7777 | D:6      | Became a worshipper of Uskayaw the Reveller
  7860 | D:7      | Reached * piety under Uskayaw
  7866 | D:7      | Reached ** piety under Uskayaw
  7981 | D:7      | Reached *** piety under Uskayaw
  8247 | D:7      | Reached **** piety under Uskayaw
  8396 | D:7      | Found an ancient bone altar of Kikubaaqudgha.
  9722 | D:8      | Reached skill level 10 in Stealth
  9944 | D:8      | Reached skill level 5 in Conjurations
 10110 | D:8      | Reached XP level 10. HP: 70/73 MP: 14/14
 10110 | D:8      | Noticed Gastronok
 10427 | D:8      | Noticed an ogre mage
 10428 | D:8      | Paralysed by an ogre mage for 2 turns
 10433 | D:8      | Killed an ogre mage
 10434 | D:8      | Reached skill level 11 in Stealth
 10636 | D:8      | Reached skill level 12 in Stealth
 11062 | D:9      | Noticed Prince Ribbit
 11068 | D:9      | Killed Prince Ribbit
 11069 | D:9      | Reached skill level 1 in Invocations
 11810 | D:9      | Paralysed by a hornet for 3 turns
 11810 | D:9      | HP: 1/73 [hornet (9)]
 11811 | D:9      | Succumbed to a hornet's poison

Illustrated notes

Levels and vault maps discovered:
D:1:      evilmike_arrival_hilbert_curve, layout_basic, minmay_tetromino_i4
D:2:      layout_rooms, basic_altar, dreamdust_ecumenical_altar_grove,
          uniq_robin, uniq_terence, uniq_natasha
D:3:      layout_basic, serial_bayou_lake_a, uniq_grinder
D:4:      layout_loops_ring, temple_doors_e
D:5:      layout_basic
D:6:      layout_cave_pools, mainiacjoe_overflow_swirl,
          minmay_misc_feat_ornament, uniq_pikel
D:7:      layout_loops_ring, mainiacjoe_overflow_small_starburst,
          dreamdust_princess_bridge
D:8:      nzn_winding_woodlands_small
          [nzn_winding_woodlands_5x15_pathside_ponds,
          nzn_winding_woodlands_center_lodge,
          nzn_winding_woodlands_5x15_default], layout_basic, uniq_gastronok
D:9:      layout_long_grid, minmay_liquid_box, kennysheep_generic_room_5,
          uniq_prince_ribbit1
Temple:   hellmonk_temple_divided_pantheon

Skill      XL: |  1  2  3  4  5  6  7  8  9 10 |
---------------+-------------------------------+-----
Spellcasting   | 2 3 |  3.0
Earth Magic    | 3 4 5 6 |  6.0
Stealth        | 3 6 7 9 10 12 | 12.7
Conjurations   | 1 4 5 |  5.0
Shields        | 2 4 |  4.0
Evocations     | 3 |  3.0
Short Blades   | 3 |  3.0
Transmutations | 3 4 |  4.0
Invocations    | 4 |  4.5
Dodging        | |  1.3

Action                     |  1- 3 |  4- 6 |  7- 9 | 10-12 || total
---------------------------+-------+-------+-------+-------++-------
  Melee: Unarmed           |     8 |       |       |       ||     8
         Tailslap          |     3 |     1 |     2 |       ||     6
         Dagger            |     9 |     5 |    29 |    19 ||    62
         Punch             |     1 |       |       |       ||     1
   Cast: Sandblast         |    37 |    84 |   245 |    38 ||   404
         Passwall          |       |     1 |     5 |     2 ||     8
         Stone Arrow       |       |       |    52 |    43 ||    95
 Invoke: Line Pass         |       |       |     1 |     5 ||     6
         Stomp             |       |       |       |     1 ||     1
    Use: Scroll            |       |     4 |    10 |     1 ||    15
         Potion            |       |       |       |     1 ||     1
   Stab: Sleeping          |       |     1 |     3 |       ||     4
         Paralysed         |       |       |     3 |     2 ||     5
 Armour: Robe              |    16 |    13 |    55 |       ||    84
         Steam dragon scal |       |       |    20 |    12 ||    32
  Dodge: Dodged            |    22 |    27 |   150 |    40 ||   239
  Block: Other             |       |     2 |     1 |       ||     3
         Buckler           |       |       |    95 |    29 ||   124
         Reflection        |       |       |    15 |     5 ||    20
